 Dungeon Crawl Stone Soup version 0.20.0-15-g7f486f2 (webtiles) character file.

1430 Inarius the Digger (level 8, -8/48 HPs)
             Began as a Gargoyle Earth Elementalist on June 21, 2017.
             Killed by divine providence
             ... invoked by an orc priest
              (14 damage)
             ... on level 4 of the Dungeon.
             The game lasted 00:28:22 (8053 turns).

Inarius the Digger (Gargoyle Earth Elementalist)    Turns: 8053, Time: 00:28:22

Health: -8/48      AC:  8    Str: 12    XL:     8   Next: 73%
Magic:  13/14      EV: 12    Int: 18    God:
Gold:   343        SH:  0    Dex: 10    Spells: 7/15 levels left

rFire    . . .     SeeInvis .   v - +2 dagger (drain)
rCold    . . .     Gourm    .   (no shield)
rNeg     + . .     Faith    .   u - +0 leather armour
rPois    ∞         Spirit   .   (no helmet)
rElec    +         Reflect  .   (no cloak)
rCorr    +         Harm     .   (no gloves)
MR       .....                  (no boots)
Stlth    ++........             (no amulet)
Regen    0.2/turn               y - ring of resist corrosion
MPRegen  0.2/turn               (no ring)

@: no status effects
A: negative energy resistance 1, electricity resistance, unbreathing,
petrification resistance, rot immunity, AC +5
a: no special abilities


You were on level 4 of the Dungeon.
You were not hungry.

You visited 1 branch of the dungeon, and saw 5 of its levels.

You collected 343 gold pieces.

Inventory:

Hand Weapons
 v - a +2 dagger of draining (weapon)
Missiles
 b - 253 stones (quivered)
Armour
 n - a +1 large shield
 u - a +0 leather armour (worn)
Jewellery
 y - a ring of resist corrosion (left hand)
Scrolls
 f - a scroll of enchant armour
 g - a scroll of amnesia
 h - 2 scrolls of teleportation {unknown}
 i - a scroll of blinking {unknown}
 j - a scroll of remove curse
 k - 2 scrolls of immolation {unknown}
 p - a scroll of random uselessness {unknown}
Potions
 a - 2 potions of curing
 m - 2 potions of invisibility {unknown}
 o - 2 potions of brilliance
 q - a potion of cancellation
 r - a potion of heal wounds
 s - 4 potions of resistance
 t - a potion of agility
Books
 e - a book of Geomancy

   Spells                             Type                      Level
   a - Sandblast                      Earth                        1
   b - Passwall                       Transmutation/Earth          2
   c - Stone Arrow                    Conjuration/Earth            3
   d - Petrify                        Transmutation/Earth          4
   e - Lee's Rapid Deconstruction     Earth                        5
Comestibles
 d - 3 bread rations
 w - a meat ration
 x - a royal jelly


   Skills:
 + Level 3.9 Fighting
 - Level 0.5 Short Blades
 * Level 4.1 Armour
 + Level 3.5 Dodging
 - Level 2.1 Stealth
 * Level 3.9 Shields
 - Level 0.2 Unarmed Combat
 * Level 4.1 Spellcasting
 * Level 4.0 Conjurations
 + Level 0.7 Transmutations
 + Level 5.9 Earth Magic


You had 7 spell levels left.
You knew the following spells:

 Your Spells              Type           Power        Failure   Level  Hunger
a - Sandblast             Erth           ####..       1%          1    None
b - Stone Arrow           Conj/Erth      ###...       7%          3    ###....
c - Petrify               Tmut/Erth      ###.....     43%         4    ####...


Dungeon Overview and Level Annotations

Branches:
Dungeon (5/15)
 Temple: D:4-7

Altars:
Cheibriados
Dithmenos
Elyvilon
Ru
Yredelemnul


Innate Abilities, Weirdness & Mutations

You are resistant to torment.
Your stone body is resilient. (AC +5)
You are immune to poison.
You resist negative energy. (rN+)
You are resistant to electric shocks. (rElec)
You can survive without breathing.
You are immune to petrification.
You are immune to rotting.


Message History

The orc priest mumbles some strange prayers to Beogh against you.
Pain shoots through your body! The orc priest misses you.
The orc priest invokes the aid of Beogh against you.
Beogh smites you!
* * * LOW HITPOINT WARNING * * *
All of the chunks of flesh in your inventory have rotted away.
The orc priest calls down the wrath of Beogh upon you.
Pain shoots through your body!
* * * LOW HITPOINT WARNING * * *
The orc priest invokes the aid of Beogh against you.
You struggle to resist.
The orc priest calls down the wrath of Beogh upon you.
You struggle to resist.
The orc priest calls down the wrath of Beogh upon you.
Pain shoots through your body!
* * * LOW HITPOINT WARNING * * *
The orc priest casts a cantrip, but nothing happens.
The orc priest mumbles some strange prayers to Beogh against you.
Beogh smites you!
You die...

........## #..###......##
........# #..##....##..#
........# #..#....###o.##
........# #......## ##.o## #
........# #.....## #...# ##
........# #....## ##..## ##.
........####...## ###...####..
..........#....#######..o........
................@.....o.........#
.......................(..)......
........)........##..............
...........#..####...............
...........#..# ##.........#####
..........##..# #.........#._.#
.........###..# ##........#...#
...#...### ##.#######.......#...#
...#..## #...............##'##


You could see an orc priest.

Vanquished Creatures
  Menkaure (D:4)
  An ice beast (D:4)
  3 phantoms
  An ogre (D:5)
  A big kobold (D:4)
  A centaur zombie (D:3)
  3 hounds
  An orc priest (D:4)
  2 bullfrog skeletons (D:4)
  A centaur skeleton (D:4)
  An iguana (D:4)
  4 worker ants
  Natasha (twice) (D:4)
  3 orc wizards
  5 adders
  8 gnolls
  A howler monkey skeleton (D:4)
  2 oozes
  2 worms (D:2)
  2 dart slugs
  4 leopard geckos
  17 orcs
  7 giant cockroaches
  12 hobgoblins
  2 jackals (D:4)
  41 kobolds
  5 quokkas
  A ball python (D:2)
  11 bats
  7 frilled lizards
  2 gnoll zombies (D:3)
  8 goblins
  A jackal zombie (D:5)
  7 rats
170 creatures vanquished.

Notes
Turn   | Place    | Note
-------+----------+-------------------------------------------
     0 | D:1      | Inarius the Gargoyle Earth Elementalist began the quest for the Orb.
     0 | D:1      | Reached XP level 1. HP: 10/10 MP: 3/3
   521 | D:1      | Reached XP level 2. HP: 14/16 MP: 5/5
  1185 | D:1      | Reached skill level 4 in Earth Magic
  1547 | D:2      | Reached XP level 3. HP: 17/20 MP: 2/6
  1590 | D:2      | Learned a level 3 spell: Stone Arrow
  1680 | D:2      | Reached skill level 1 in Armour
  1812 | D:2      | Reached skill level 1 in Fighting
  2084 | D:2      | Reached XP level 4. HP: 24/25 MP: 3/7
  3102 | D:3      | Reached XP level 5. HP: 20/29 MP: 0/8
  3253 | D:3      | Reached skill level 1 in Conjurations
  3375 | D:3      | Found a snail-covered altar of Cheibriados.
  3457 | D:3      | Reached skill level 1 in Shields
  3766 | D:3      | Learned a level 4 spell: Petrify
  4005 | D:3      | Found a basalt altar of Yredelemnul.
  4063 | D:3      | Reached XP level 6. HP: 34/35 MP: 10/10
  4272 | D:4      | Noticed a phantom
  4297 | D:4      | Killed a phantom
  4691 | D:4      | Found a shadowy altar of Dithmenos.
  4691 | D:4      | Noticed a phantom
  4701 | D:4      | Reached XP level 7. HP: 40/40 MP: 4/11
  5045 | D:4      | Found a sacrificial altar of Ru.
  5278 | D:4      | Noticed Menkaure
  5395 | D:3      | Reached skill level 5 in Earth Magic
  5837 | D:4      | Killed Menkaure
  5924 | D:4      | Noticed Natasha
  5932 | D:4      | Killed Natasha
  6166 | D:4      | Reached XP level 8. HP: 44/46 MP: 9/12
  6822 | D:4      | Noticed Natasha
  6831 | D:4      | Killed Natasha
  6886 | D:5      | Entered Level 5 of the Dungeon
  7437 | D:5      | Found a white marble altar of Elyvilon.
  8053 | D:4      | Killed from afar by an orc priest

Skill      XL: |  1  2  3  4  5  6  7  8 |
---------------+-------------------------+-----
Earth Magic    | 4 5 |  5.9
Armour         | 1 2 3 4 |  4.1
Fighting       | 1 2 3 |  3.9
Dodging        | 2 3 |  3.5
Conjurations   | 1 2 3 4 |  4.0
Shields        | 1 2 3 |  3.9
Spellcasting   | 3 4 |  4.1
Short Blades   | |  0.5
Stealth        | |  2.1
Unarmed Combat | |  0.2
Transmutations | |  0.7

Action                   |  1- 3 |  4- 6 |  7- 9 || total
-------------------------+-------+-------+-------++-------
Melee: Unarmed           |    78 |       |       ||    78
       Club              |    25 |       |       ||    25
       Dagger            |   114 |   144 |   223 ||   481
 Cast: Sandblast         |     7 |    20 |    73 ||   100
       Stone Arrow       |     4 |    20 |    17 ||    41
  Use: Scroll            |       |     8 |     1 ||     9
 Stab: Sleeping          |     3 |     2 |     1 ||     6
  Eat: Chunk             |     5 |     7 |    10 ||    22
       Royal jelly       |       |     1 |       ||     1
       Bread ration      |       |     1 |       ||     1
Armor: Robe              |    68 |    47 |       ||   115
       Leather armour    |       |    18 |   116 ||   134
Dodge: Dodged            |   148 |   133 |   187 ||   468
